 Dungeon Crawl Stone Soup version 0.17-a0-1753-g75d4604 (webtiles) character file.

208 Rationalist the Chopper (level 5, 0/50 HPs)
             Began as a Naga Berserker on Sept 1, 2015.
             Was a Priest of Trog.
             Slain by an orc
             ... wielding a +0 short sword
              (5 damage)
             ... on level 3 of the Dungeon.
             The game lasted 00:04:23 (3304 turns).

Rationalist the Chopper (Naga Berserker)            Turns: 3304, Time: 00:04:23

Health: 0/50       AC:  4    Str: 20    XL:     5   Next: 86%
Magic:  5/5        EV: 10    Int:  7    God:    Trog [***...]
Gold:   106        SH:  0    Dex: 11    Spells: 0 memorised, 4 levels left

rFire  . . .     SeeInvis +     a - +0 hand axe
rCold  . . .     Clarity  .     b - +0 animal skin
rNeg   . . .     SustAt   .     (no shield)
rPois  +         Gourm    +     (no helmet)
rElec  .         Spirit   .     p - +1 cloak
rCorr  .         Warding  .     (no gloves)
rMut   .         Stasis   .     (no barding)
MR     .....                    g - amulet of the gourmand
Stlth  ++........               (no ring)
                                (no ring)

@: exhausted, slowed, very slow, not resistant to hostile enchantments,
unstealthy
A: see invisible, deformed body, poison resistance, slowness 2, slow metabolism
1, spit poison 2, AC +1
a: Spit Poison, Burn Spellbooks, Berserk, Trog's Hand, Renounce Religion


You were on level 3 of the Dungeon.
You worshipped Trog.
Trog was most pleased with you.
You were very full.

You visited 1 branch of the dungeon, and saw 3 of its levels.

You collected 106 gold pieces.

Inventory:

Hand weapons
 a - a +0 hand axe (weapon)
Missiles
 i - 9 sling bullets of frost
 k - 15 bolts
Armour
 b - a +0 animal skin (worn)
 p - a +1 cloak (worn)
Jewellery
 g - an amulet of the gourmand (around neck)
Scrolls
 m - a scroll of remove curse {unknown}
 o - a scroll of enchant weapon {unknown}
 q - a scroll of immolation {unknown}
 r - 2 scrolls of recharging {unknown}
 s - a scroll of noise {unknown}
 t - a scroll of fog {unknown}
Potions
 e - a potion of heal wounds {unknown}
 h - a potion of resistance
 j - a potion of cancellation
 l - a potion of curing
 n - 2 potions of lignification
Comestibles
 c - 2 bread rations
 d - 2 slices of pizza
 f - 2 beef jerkies


   Skills:
 + Level 3.9 Fighting
 + Level 4.3 Axes
 + Level 1.5 Armour
 + Level 3.2 Dodging
 + Level 1.9 Stealth


You had 4 spell levels left.
You didn't know any spells.

Dungeon Overview and Level Annotations

Branches:
Dungeon (3/15)

Altars:
Kikubaaqudgha
Nemelex Xobeh
Xom


Innate Abilities, Weirdness & Mutations

You cannot wear boots.
Your serpentine skin is tough (AC +1).
You have supernaturally acute eyesight.
Armour fits poorly on your strangely shaped body.
Your system is resistant to poisons.
You cover ground very slowly.
You have a slow metabolism.
You can spit poison.


Message History

The orc hits you with a short sword.
* * * LOW HITPOINT WARNING * * *
The orc barely misses you. x2
You hit the orc but do no damage.
The orc is heavily wounded.
You hit the orc.
The orc is almost dead.
The orc hits you but does no damage. x2
An orc comes into view. It is wielding a short sword.
Unknown command.
You barely miss the orc.
The orc is heavily wounded.
You barely miss the orc.
The orc is almost dead.
The orc hits you but does no damage. The orc hits you with a short sword.
* * * LOW HITPOINT WARNING * * *
The orc hits you with a club.
* * * LOW HITPOINT WARNING * * *
The orc hits you with a short sword.
You die...

#.. #### #.##
.# #
#...###<.##.#.#
............o.o
......#.)#...##
........)....#
......#..#...#
....###o.##.##
#... #@)##.###
### #.oo.....
#.........###
#####..####
#..# ...# ##.#
.# .#


You could see 3 orcs.

Vanquished Creatures
  An orc wizard (D:3)
  10 adders
  A gnoll (D:1)
  3 oozes (D:1)
  2 worms (D:2)
  4 giant geckos
  5 orcs (D:3)
  2 ball pythons (D:2)
  3 bats (D:1)
  A giant cockroach (D:2)
  6 hobgoblins
  7 kobolds
  A giant newt (D:1)
  7 goblins
  2 quokkas (D:2)
  11 rats
66 creatures vanquished.

Notes
Turn   | Place    | Note
--------------------------------------------------------------
     0 | D:1      | Rationalist the Naga Berserker began the quest for the Orb.
     0 | D:1      | Reached XP level 1. HP: 21/21 MP: 1/1
   199 | D:1      | Reached XP level 2. HP: 10/28 MP: 2/2
   614 | D:1      | Reached XP level 3. HP: 14/34 MP: 3/3
  1452 | D:2      | Reached XP level 4. HP: 25/42 MP: 4/4
  1487 | D:2      | Acquired Trog's second power
  1903 | D:2      | Found a shimmering altar of Xom.
  2131 | D:2      | Reached skill level 4 in Axes
  2500 | D:2      | Reached skill level 1 in Stealth
  2500 | D:2      | Reached XP level 5. HP: 23/50 MP: 5/5
  2921 | D:2      | Found a sparkling altar of Nemelex Xobeh.
  3154 | D:2      | Found an ancient bone altar of Kikubaaqudgha.
  3304 | D:3      | Slain by an orc

Vault maps used:
D:1:      lightli_arrival_maybe_door_vault
D:2:      kennysheep_big_flooded_room, lemuel_coloured_pillars_altar,
          xom_teletrap_fun, kennysheep_nondescript, nemelex_deck

Action                   |  1- 3 |  4- 6 || total
-------------------------+-------+-------++-------
Melee: Hand axe          |    90 |   149 ||   239
Invok: Berserk           |       |     1 ||     1
  Use: Scroll            |       |     4 ||     4
  Eat: Chunk             |    11 |     5 ||    16
